 Dungeon Crawl Stone Soup version 0.31.0-9-g3a7656b989 (webtiles) character file.

Game seed: 10980028089774631169

212 qw the Skirmisher (level 5, -1/30 HPs)
             Began as a Deep Elf Hunter on Feb 2, 2024.
             Slain by a gnoll
             ... wielding a +0 halberd
              (11 damage)
             ... on level 3 of the Dungeon.
             The game lasted 00:00:08 (1986 turns).

qw the Skirmisher (Deep Elf Hunter)                 Turns: 1986, Time: 00:00:08

Health: -1/30      AC:  8    Str: 10    XL:     5   Next: 58%
Magic:  7/7        EV: 11    Int: 14    God:
Gold:   57         SH:  0    Dex: 18    Spells: 4/4 levels left

rFire   . . .        a - +0 shortbow
rCold   . . .        (shield currently unavailable)
rNeg    . . .        m - +1 ring mail
rPois   .            b - +2 hat
rElec   .            (no cloak)
rCorr   .            (no gloves)
SInv    .            (no boots)
Will    .....        (no amulet)
Stlth   +            (no ring)
HPRegen 0.25/turn    (no ring)
MPRegen 0.10/turn

%: no passive effects
@: no status effects
A: no striking features
a: no special abilities


You were on level 3 of the Dungeon.
You visited 1 branch of the dungeon, and saw 3 of its levels.

You collected 57 gold pieces.


   Skills:
 + Level 1.9 Fighting
 - Level 9.0 Ranged Weapons
 - Level 2.4 Dodging
 - Level 1.2 Stealth


You had 4 spell levels left.
You didn't know any spells.
Your spell library was empty.

Inventory:

Hand Weapons
 a - a +0 shortbow (weapon)
Armour
 b - a +2 hat (worn)
 m - a +1 ring mail (worn)
Wands
 c - a wand of charming (10)
Potions
 d - a potion of invisibility {unknown}
 e - 2 potions of lignification {unknown}
 g - a potion of haste {unknown}
 i - 2 potions of cancellation

Dungeon Overview and Level Annotations

Branches:
Dungeon (3/15)

Altars:
Elyvilon


Message History

The orc wizard is almost dead.
The orc wizard hits you but does no damage.
You shoot an arrow. The arrow hits the orc wizard!
You kill the orc wizard!
Your Ranged Weapons skill increases to level 9!
You start resting.
HP restored. 4 gnolls come into view.
The gnoll shouts! x3
The gnoll moves out of view. x2
You shoot an arrow. The arrow hits the gnoll.
The gnoll is heavily wounded.
You shoot an arrow. The arrow hits the gnoll!
You kill the gnoll!
You shoot an arrow. The arrow hits the gnoll.
The gnoll is moderately wounded.
You shoot an arrow.
The arrow hits the gnoll but does no damage.
The gnoll is moderately wounded.
The gnoll hits you with a +0 flail.
The gnoll hits you from afar with a +0 halberd!
You shoot an arrow. The arrow closely misses the gnoll.
The gnoll hits you with a +0 flail. The gnoll hits you but does no damage.
You shoot an arrow. The arrow hits the gnoll.
The gnoll is severely wounded.
The gnoll barely misses you. The gnoll hits you but does no damage.
You shoot an arrow. The arrow hits the gnoll.
You kill the gnoll!
The gnoll misses you.
You shoot an arrow. The arrow hits the gnoll.
The gnoll is lightly wounded.
The gnoll hits you from afar with a +0 halberd.
You shoot an arrow. The arrow hits the gnoll.
The gnoll is heavily wounded.
The gnoll hits you from afar with a +0 halberd.
You shoot an arrow.
The arrow hits the gnoll but does no damage.
The gnoll is heavily wounded.
The gnoll hits you from afar with a +0 halberd!
You die...

..###..
#........##.##.#.#
..#
...................#
..#
.##.......##.#######
..... #..%....##.#
.#### #.......##.#
.# ##########.# .#
####### #.# ##
#.....####.#
#@###......#
#...gg).# ########
.#.######


You could see 2 gnolls.

Vanquished Creatures
  An iguana (D:3)
  Natasha (D:2)
  An orc wizard (D:3)
  2 gnolls (D:3)
  4 adders (D:2)
  A ribbon worm (D:2)
  2 dart slugs
  6 orcs (D:3)
  8 endoplasms
  4 giant cockroaches (D:1)
  4 goblins (D:2)
  2 hobgoblins (D:2)
  7 jackals
  7 kobolds
  4 quokkas
  A ball python (D:2)
  5 bats
  3 frilled lizards
  4 rats
67 creatures vanquished.

Notes
Turn   | Place    | Note
-------+----------+-------------------------------------------
     0 | D:1      | qw the Deep Elf Hunter began the quest for the Orb.
     0 | D:1      | Reached XP level 1. HP: 12/12 MP: 3/3
     0 | D:1      | 0 ||| qw: Version: 0.3-a-155-g5e7d8dd
     0 | D:1      | 0 ||| qw: Game counter: 2685
     0 | D:1      | 0 ||| qw: Melee chars always use a shield: true
     0 | D:1      | 0 ||| qw: God list: Okawaru
     0 | D:1      | 0 ||| qw: Allow faded altars: false
     0 | D:1      | 0 ||| qw: Do Orc after clearing Dungeon:15 true
     0 | D:1      | 0 ||| qw: Do second Lair branch before Depths: true
     0 | D:1      | 0 ||| qw: Lair rune preference: random
     0 | D:1      | 0 ||| qw: Goals: Normal
     0 | D:1      | 0 ||| PLANNING D:1-11
    40 | D:1      | HP: 3/12 [quokka (4)]
   167 | D:1      | Reached XP level 2. HP: 16/16 MP: 4/4
   171 | D:1      | Reached skill level 6 in Ranged Weapons
   548 | D:1      | Reached XP level 3. HP: 20/20 MP: 5/5
   731 | D:1      | 731 ||| UPGRADING to +0 ring mail.
   741 | D:1      | 741 ||| DROPPING +0 leather armour.
   742 | D:1      | 742 ||| DROPPING amulet of magic regeneration.
   743 | D:1      | 743 ||| READING scroll labelled YGOGOA PEECEENT.
   744 | D:1      | 744 ||| READING scroll labelled FIERPH RUHYTU.
   744 | D:1      | 744 ||| ENCHANTING +0 ring mail.
   745 | D:1      | 745 ||| READING scroll labelled AKUDAEMIJY.
   746 | D:1      | 746 ||| READING scroll labelled QENYINTIEKK.
   847 | D:1      | 847 ||| READING scroll labelled LAXORCH KUVUN.
   848 | D:1      | 848 ||| DRINKING 3 lumpy grey potions.
   849 | D:1      | 849 ||| DROPPING scroll of butterflies.
  1002 | D:2      | Reached skill level 7 in Ranged Weapons
  1186 | D:2      | Reached XP level 4. HP: 25/25 MP: 6/6
  1231 | D:2      | 1231 ||| FLEEEEING.
  1232 | D:2      | 1232 ||| FLEEEEING.
  1249 | D:2      | Noticed Natasha
  1263 | D:2      | Killed Natasha
  1264 | D:2      | Reached skill level 8 in Ranged Weapons
  1544 | D:2      | 1544 ||| UPGRADING to +2 hat.
  1549 | D:2      | 1549 ||| READING 3 scrolls labelled NOMEIQ LUENKAD.
  1549 | D:2      | 1549 ||| IDENTIFYING cyan potion
  1550 | D:2      | 1550 ||| READING 2 scrolls of identify.
  1550 | D:2      | 1550 ||| IDENTIFYING lumpy pink potion
  1551 | D:2      | 1551 ||| READING scroll of identify.
  1551 | D:2      | 1551 ||| IDENTIFYING black potion
  1552 | D:2      | 1552 ||| DROPPING potion of degeneration.
  1553 | D:2      | 1553 ||| DROPPING potion of berserk rage.
  1554 | D:2      | 1554 ||| DROPPING potion of attraction.
  1733 | D:3      | Found a white marble altar of Elyvilon.
  1848 | D:3      | Reached XP level 5. HP: 24/29 MP: 7/7
  1930 | D:3      | Reached skill level 9 in Ranged Weapons
  1986 | D:3      | Slain by a gnoll

Levels and vault maps discovered:
D:1:      dpeg_cavernosity, layout_basic
D:2:      layout_rooms, minmay_pentomino_o2, uniq_natasha
D:3:      layout_loops_cross, mainiacjoe_overflow_alcove_1, grunt_gozag_statues,
          mainiacjoe_overflow_surrounded_room

Skill      XL: |  1  2  3  4  5 |
---------------+----------------+-----
Ranged Weapons | 6 7 8 9 |  9.0
Fighting       | |  1.9
Dodging        | |  2.4
Stealth        | |  1.2

Action                     |  1- 3 |  4- 6 || total
---------------------------+-------+-------++-------
   Fire: Shortbow          |   119 |   114 ||   233
    Use: Scroll            |     5 |     3 ||     8
         Potion            |     1 |       ||     1
 Armour: Leather armour    |    13 |       ||    13
         Ring mail         |    13 |    73 ||    86
  Dodge: Dodged            |    34 |    65 ||    99

Table legend:
 A = Non-vault XP
 B = Vault XP
 C = Vault XP percentage of total XP
 D = Non-vault monster count
 E = Vault monster count
 F = Vault count percentage of total count
                 A         B        C        D         E       F
            +---------+---------+-------+---------+---------+-------
      Total |     256 |      47 |  15.5 |      60 |       7 |  10.4
            +---------+---------+-------+---------+---------+-------
        D:1 |      33 |       8 |  19.5 |      19 |       4 |  17.4
        D:2 |      94 |      39 |  29.3 |      24 |       3 |  11.1
        D:3 |     129 |       0 |   0.0 |      17 |       0 |   0.0
            +---------+---------+-------+---------+---------+-------
